 Dungeon Crawl Stone Soup version 0.22.1-2-g9c5b331 (webtiles) character file.

284 diana the Covert (level 6, -1/49 HPs)
             Began as a Naga Enchanter on Dec 27, 2018.
             Slain by a gnoll
             ... wielding a +0 flail
              (3 damage)
             ... on level 3 of the Dungeon.
             The game lasted 00:04:00 (2989 turns).

diana the Covert (Naga Enchanter)                   Turns: 2989, Time: 00:04:01

Health: -1/49      AC:  3    Str: 11    XL:     6   Next: 29%
Magic:  7/9        EV: 10    Int: 15    God:
Gold:   133        SH:  0    Dex: 13    Spells: 8/9 levels left

rFire    . . .     SeeInvis +   a - +1 dagger
rCold    . . .     Gourm    .   (no shield)
rNeg     . . .     Faith    .   b - +0 robe
rPois    +         Spirit   .   (no helmet)
rElec    .         Reflect  .   (no cloak)
rCorr    .         Harm     .   (no gloves)
MR       .....                  (no barding)
Stlth    ++++......             (no amulet)
HPRegen  0.16/turn              (no ring)
MPRegen  0.11/turn              (no ring)

@: short of breath, very slow
A: large, see invisible, deformed body, poison resistance, slowness 2, slow
metabolism 1, spit poison 1, AC +2
a: Spit Poison


You were on level 3 of the Dungeon.
You were not hungry.

You visited 1 branch of the dungeon, and saw 3 of its levels.

You collected 133 gold pieces.

Inventory:

Hand Weapons
 a - a +1 dagger (weapon)
 f - a +0 blowgun
Missiles
 i - 4 poisoned needles
Armour
 b - a +0 robe (worn)
 c - a +0 pair of gloves
Scrolls
 e - a scroll of remove curse {unknown}
 h - a scroll of enchant armour {unknown}
Potions
 g - a potion of resistance
Comestibles
 d - 4 rations


   Skills:
 + Level 3.4 Short Blades
 - Level 1.5 Dodging
 * Level 9.1 Stealth
 - Level 2.0 Spellcasting
 - Level 3.0 Hexes


You had 8 spell levels left.
You knew the following spells:

 Your Spells              Type           Power        Failure   Level  Hunger
a - Corona                Hex            ##.....      6%          1    #......

Your spell library contained the following spells:

 Spells                   Type           Power        Failure   Level  Hunger
 Ensorcelled Hibernation  Hex/Ice        #.....       19%         2    ###....
 Confuse                  Hex            ##......     19%         3    ###....
 Tukima's Dance           Hex            ##......     19%         3    ###....
 Dazzling Spray           Conj/Hex       #.....       34%         3    ###....


Dungeon Overview and Level Annotations

Branches:
Dungeon (3/15)

Altars:
Nemelex Xobeh


Innate Abilities, Weirdness & Mutations

You cannot wear boots.
Your serpentine skin is tough. (AC +2)
You have supernaturally acute eyesight. (SInv)
Armour fits poorly on your strangely shaped body.
Your system is resistant to poisons. (rPois)
You cover ground very slowly.
You have a slow metabolism.
You can spit poison.


Message History

The gnoll is moderately wounded.
The gnoll hits you with a flail.
You hit the gnoll but do no damage.
The gnoll is moderately wounded.
The gnoll hits you with a flail!
* * * LOW HITPOINT WARNING * * *
You barely miss the gnoll.
The gnoll is moderately wounded.
You hit the gnoll but do no damage.
The gnoll is moderately wounded.
The gnoll closely misses you.
Press: ? - help, Shift-Dir - straight line, f/p - gnoll
Aim: a gnoll, wielding a flail (moderately wounded, softly glowing)
The splash of poison hits the gnoll.
The gnoll is heavily wounded.
You feel slightly more hungry. The gnoll hits you with a flail!
* * * LOW HITPOINT WARNING * * *
The gnoll stops glowing.
The gnoll hits you with a flail.
You die...

#.#######.#.#.#...
##........<#.#.#...
###............#.#...
....................
#..................
#................#.
#.....†..........#. #
#........!.......#.
##.###g@..............#.
#....)................#.
######................#.
############.....##
....!# .....# ####


You could see a gnoll.

Vanquished Creatures
  Sigmund (D:3)
  2 gnolls (D:3)
  2 adders (D:2)
  2 oozes (D:1)
  4 worms (D:2)
  A dart slug (D:3)
  2 leopard geckos
  3 orcs (D:3)
  2 ball pythons
  4 giant cockroaches
  5 goblins
  4 hobgoblins
  A jackal (D:1)
  7 kobolds
  A quokka (D:3)
  8 bats
  2 frilled lizards
  10 rats
61 creatures vanquished.

Notes
Turn   | Place    | Note
-------+----------+-------------------------------------------
     0 | D:1      | diana the Naga Enchanter began the quest for the Orb.
     0 | D:1      | Reached XP level 1. HP: 15/15 MP: 3/3
    60 | D:1      | Reached skill level 5 in Stealth
    60 | D:1      | Reached XP level 2. HP: 22/22 MP: 5/5
   325 | D:1      | Reached XP level 3. HP: 28/28 MP: 6/6
   691 | D:2      | Reached skill level 6 in Stealth
  1066 | D:2      | Found a sparkling altar of Nemelex Xobeh.
  1097 | D:2      | Reached XP level 4. HP: 16/36 MP: 7/7
  2322 | D:3      | Reached skill level 7 in Stealth
  2689 | D:3      | Noticed Sigmund
  2726 | D:3      | Killed Sigmund
  2726 | D:3      | Reached skill level 8 in Stealth
  2726 | D:3      | Reached XP level 5. HP: 26/42 MP: 8/8
  2726 | D:3      | Reached XP level 6. HP: 30/49 MP: 9/9
  2951 | D:3      | Reached skill level 9 in Stealth
  2987 | D:3      | HP: 1/49 [gnoll/flail (8)]
  2989 | D:3      | Slain by a gnoll

Skill      XL: |  1  2  3  4  5  6 |
---------------+-------------------+-----
Stealth        | 5 6 8 9 |  9.1
Short Blades   | 2 3 |  3.4
Dodging        | |  1.5
Spellcasting   | |  2.0
Hexes          | |  3.0

Action                   |  1- 3 |  4- 6 || total
-------------------------+-------+-------++-------
Melee: Dagger            |   103 |   155 ||   258
 Cast: Corona            |       |     4 ||     4
 Abil: Spit Poison       |     2 |     7 ||     9
  Use: Potion            |     1 |     3 ||     4
 Stab: Sleeping          |    11 |    10 ||    21
  Eat: Chunk             |       |     5 ||     5
Armor: Robe              |    16 |    28 ||    44
       Skin              |       |    88 ||    88
Dodge: Dodged            |    56 |    65 ||   121
